 Seeded DCSS version 0.31-a0-618-g7ca08c1ff9 (webtiles) character file.

Game seed: 3612390645625327883 (custom seed)

9 innerfire43 the Ruffian (level 2, 0/21 HPs)
             Began as a Gnoll Shapeshifter on Aug 22, 2023.
             Slain by a frilled lizard (2 damage)
             ... on level 1 of the Dungeon.
             The game lasted 00:00:18 (340 turns).

innerfire43 the Ruffian (Gnoll Shapeshifter)         Turns: 340, Time: 00:00:19

Health: 0/21       AC:  2    Str: 14    XL:     2   Next: 16%
Magic:  2/2        EV: 13    Int:  7    God:
Gold:   24         SH:  0    Dex: 12    Spells: 1/1 levels left

rFire   . .          .
                       - Unarmed
rCold   . . .        (shield currently unavailable)
rNeg    . . .        a - +0 animal skin
rPois   .            (no helmet)
rElec   .            (no cloak)
rCorr   .            (no gloves)
SInv    .            (no boots)
Will    .....        (no amulet)
Stlth   +            (no ring)
HPRegen 0.23/turn    (no ring)
MPRegen 0.08/turn

%: no passive effects
@: flux-form, glowing
A: glow, contaminating, reduced hp, fangs 1, strong nose, distributed training
a: Begin Untransformation


You were on level 1 of the Dungeon.
You were something dangerously unstable.
You visited 1 branch of the dungeon, and saw 1 of its levels.

You collected 24 gold pieces.

Inventory:

Armour
 a - a +0 animal skin (worn)
Talismans
 c - a beast talisman
 d - a flux talisman (active)
Potions
 b - a potion of lignification
 e - a potion of berserk rage {unknown}
 f - 2 potions of enlightenment {unknown}


   Skills:
 + Level 2.4 Fighting
 + Level 0.3 Short Blades
 + Level 0.3 Long Blades
 + Level 0.3 Axes
 + Level 0.3 Maces & Flails
 + Level 0.3 Polearms
 + Level 0.3 Staves
 + Level 0.3 Ranged Weapons
 + Level 0.3 Throwing
 + Level 0.3 Armour
 + Level 4.4 Dodging
 + Level 0.3 Stealth
 + Level 0.3 Shields
 + Level 6.4 Unarmed Combat
 + Level 0.3 Spellcasting
 + Level 0.2 Conjurations
 + Level 0.2 Hexes
 + Level 0.2 Summonings
 + Level 0.2 Necromancy
 + Level 0.2 Translocations
 + Level 0.2 Transmutations
 + Level 0.2 Fire Magic
 + Level 0.2 Ice Magic
 + Level 0.2 Air Magic
 + Level 0.2 Earth Magic
 + Level 0.2 Poison Magic
 + Level 0.4 Invocations
 + Level 0.3 Evocations
 + Level 6.4 Shapeshifting


You had one spell level left.
You didn't know any spells.
Your spell library was empty.

Dungeon Overview and Level Annotations

Branches:
Dungeon (1/15)

Altars:


Innate Abilities, Weirdness & Mutations

You are something dangerously unstable.
You glow with magical radiation, making you easy to see and hit.
Foes you strike become dangerously contaminated with magical radiation.
Your maximum health is decreased, since you lack skill for your form.
You are incapable of wielding weapons or throwing items.
You have very sharp teeth.
Your uncanny sense of smell can sniff out nearby items.
Your experience applies equally to all skills.


Message History

The frilled lizard bites you but does no damage.
You closely miss the frilled lizard. Your bite misses the frilled lizard.
The frilled lizard bites you. x2
You hit the frilled lizard.
The frilled lizard begins to glow.
The frilled lizard is heavily wounded.
The frilled lizard bites you.
You hit the frilled lizard.
You kill the frilled lizard!
The frilled lizard unfolds its giant frill.
The frilled lizard bites you. x2
The frilled lizard barely misses you.
The frilled lizard bites you but does no damage.
The frilled lizard bites you. The frilled lizard closely misses you.
The frilled lizard attacks as it pursues you!
The frilled lizard misses you.
You see here a frilled lizard corpse.
You miss the frilled lizard. The frilled lizard misses you.
The frilled lizard barely misses you.
The frilled lizard bites you but does no damage.
The frilled lizard completely misses you.
You hit the frilled lizard.
You kill the frilled lizard!
The frilled lizard bites you.
* * * LOW HITPOINT WARNING * * *
The frilled lizard closely misses you. The frilled lizard misses you.
The frilled lizard bites you.
* * * LOW HITPOINT WARNING * * *
You punch the frilled lizard!
You kill the frilled lizard!
The frilled lizard barely misses you. x2
The frilled lizard bites you but does no damage.
The frilled lizard barely misses you.
You see here a frilled lizard corpse.
You hit the frilled lizard.
You kill the frilled lizard!
The frilled lizard barely misses you.
You hit the frilled lizard.
You kill the frilled lizard!
The frilled lizard bites you.
You die...

#..~~.... ##'##...
#.~~~~~?. .. ###.......
#.~~~~~.# .###...⌠.....
#.~~~~~.###.##........⌠.
#.~~~~~..##.#...........
#..~~~...#..#...⌠.......
#.....†....#...........
#†l...##........⌠.
#B#....##...⌠.....
#.......###.......
####.#...##.#####...
#.......###.....####
#.##.##.###...###...
#######.##.##.............
#.......##.############...
#.......##.####### #...
#..#.#...........# ###.


You could see a frilled lizard.

Vanquished Creatures
  2 endoplasms (D:1)
  2 bats (D:1)
  7 frilled lizards (D:1)
  A rat (D:1)
12 creatures vanquished.

Notes
Turn   | Place    | Note
-------+----------+-------------------------------------------
     0 | D:1      | innerfire43 the Gnoll Shapeshifter began the quest for the
                  | Orb.
     0 | D:1      | Reached XP level 1. HP: 17/17 MP: 1/1
   272 | D:1      | Found a faded altar of an unknown god.
   330 | D:1      | Reached XP level 2. HP: 13/23 MP: 2/2
   336 | D:1      | HP: 1/21 [frilled lizard (3)]
   340 | D:1      | Slain by a frilled lizard

Illustrated notes

Levels and vault maps discovered:
D:1:      dpeg_arrival_water_temple_mockup, layout_loops_ring,
          chequers_ecumenical_altar_simple_redux,
          hangedman_abyss_or_decor_stabs, chequers_serial_rivers_small_a,
          minmay_lizard_pond

Action                     || total
---------------------------++-------
  Melee: Unarmed           ||    20
         Bite              ||     2
 Armour: Animal skin       ||     7
  Dodge: Dodged            ||    18
   Form: Flux              ||     1

Table legend: (Time is in decaauts)
 A = Elapsed time spent in this place.
 B = Non-inter-level travel time spent in this place.
 C = Inter-level travel time spent in this place.
 D = Time resting spent in this place.
 E = Time spent auto-exploring this place.
 F = Levels seen in this place.
 G = Mean time per level.
                   A        B        C        D        E       F      G
               +--------+--------+--------+--------+--------+-----+--------+
         Total |    339 |    339 |      0 |      0 |    290 |   1 |  339.0 |
       Dungeon |    339 |    339 |      0 |      0 |    290 |   1 |  339.0 |
               +--------+--------+--------+--------+--------+-----+--------+

Top non-repeatable levels by time:
     D:1: 339 daAuts
